 Dungeon Crawl Stone Soup version 0.30-a0-6-g7c9e10e132 (webtiles) character file.

Game seed: 2260342505084350587

669 Setbun the Magician (level 7, 0/47 HPs)
             Began as a Djinni Ice Elementalist on Aug 22, 2022.
             Slain by a kobold
             ... wielding a +0 dagger
              (1 damage)
             ... on level 4 of the Dungeon.
             The game lasted 00:07:39 (5670 turns).

Setbun the Magician (Djinni Ice Elementalist)       Turns: 5670, Time: 00:07:39

Health: 0/47       AC:  2    Str:  7    XL:     7   Next: 89%
Gold:   309        EV: 12    Int: 19    God:
                   SH:  5    Dex: 13

rFire   + + .      SeeInvis .    (no weapon)
rCold   x . .      Faith    .    (no shield)
rNeg    . . .      Spirit   .    a - +0 robe
rPois   ∞          Reflect  +    (no helmet)
rElec   .          Harm     .    (no cloak)
rCorr   .          Rampage  .    (no gloves)
Will    .....                    (boots unavailable)
Stlth   ++........               j - amulet of reflection
HPRegen 0.15/turn                e - ring of wizardry
MPRegen 0.00/turn                k - ring of wizardry

@: flying
A: sickness immunity, fire resistance 2, cold vulnerability 1, float, innate
caster, HP casting, extra vitality 1
a: no special abilities


You were on level 4 of the Dungeon.
You visited 1 branch of the dungeon, and saw 4 of its levels.

You collected 309 gold pieces.

Inventory:

Missiles
 q - 2 throwing nets
Armour
 a - a +0 robe (worn)
Jewellery
 e - a ring of wizardry (left hand)
 j - an amulet of reflection (around neck)
 k - a ring of wizardry (right hand)
 o - a +6 ring of intelligence
Wands
 p - a wand of paralysis (10)
Scrolls
 c - a scroll of identify {unknown}
 d - a scroll of magic mapping {unknown}
 g - a scroll of enchant weapon {unknown}
 l - a scroll of immolation {unknown}
 n - a scroll of enchant armour {unknown}
 r - a scroll of amnesia {unknown}
 s - a scroll of blinking {unknown}
 t - a scroll of brand weapon {unknown}
 u - 3 scrolls of teleportation {unknown}
Potions
 b - 5 potions of curing {unknown}
 f - a potion of haste {unknown}
 h - 7 potions of heal wounds {unknown}
 i - a potion of mutation {unknown}
 m - 2 potions of brilliance


   Skills:
 + Level 1.0 Fighting
 + Level 2.9 Dodging
 + Level 2.6 Stealth
 + Level 0.9 Shields
 + Level 0.1 Unarmed Combat
 + Level 6.4 Spellcasting


You had 2 spell levels left.
You knew the following spells:

 Your Spells              Type           Power      Damage    Failure   Level
a - Freeze                Ice            100%       1d11      1%          1
b - Frozen Ramparts       Ice            60%        1d10      1%          3
c - Ozocubu's Armour      Ice            30%        N/A       1%          3
d - Hailstorm             Conj/Ice       30%        3d8       2%          4
e - Beastly Appendage     Tmut           60%        N/A       1%          1
f - Static Discharge      Conj/Air       30%        3-7/arc   1%          2
g - Passwall              Tmut/Erth      25%        N/A       1%          2
Your spell library was empty.

Dungeon Overview and Level Annotations

Branches:
Dungeon (4/15)
 Temple: D:4-7

Altars:
Ru
The Shining One

Shops:
D:1 ?


Innate Abilities, Weirdness & Mutations

You are immune to sickness and miasma.
You are immune to poison.
Your flesh is very heat resistant. (rF++)
You are vulnerable to cold. (rC-)
You float through the air rather than walking.
You learn spells naturally, not from books.
Your magical power is your life essence.
You have superior vitality. (+4 MHP)


Message History

Aim: Ijyb, wielding a +0 club, wearing a +0 ring mail and carrying a wand of paralysis (11) (heavily wounded)
You freeze Ijyb.
Ijyb is severely wounded.
* * * LOW HITPOINT WARNING * * *
The kobold hits you with a +0 dagger.
* * * LOW HITPOINT WARNING * * *
Ijyb hits you with a +0 club.
* * * LOW HITPOINT WARNING * * *
Aiming: Freeze (safe; 1% risk of failure)
Press: ? - help, Q - select action, (/) - cycle Shift-Dir - straight line, f/p - Ijyb
Aim: Ijyb, wielding a +0 club, wearing a +0 ring mail and carrying a wand of paralysis (11) (severely wounded)
You freeze Ijyb.
Ijyb is severely wounded.
* * * LOW HITPOINT WARNING * * *
The kobold closely misses you. You block Ijyb's attack.
Aiming: Freeze (safe; 1% risk of failure)
Press: ? - help, Q - select action, (/) - cycle Shift-Dir - straight line, f/p - Ijyb
Aim: Ijyb, wielding a +0 club, wearing a +0 ring mail and carrying a wand of paralysis (11) (severely wounded)
You freeze Ijyb.
Ijyb is almost dead.
* * * LOW HITPOINT WARNING * * *
The kobold hits you but does no damage. Ijyb hits you with a +0 club.
* * * LOW HITPOINT WARNING * * *
Aiming: Freeze (safe; 1% risk of failure)
Press: ? - help, Q - select action, (/) - cycle Shift-Dir - straight line, f/p - Ijyb
Aim: Ijyb, wielding a +0 club, wearing a +0 ring mail and carrying a wand of paralysis (11) (almost dead)
You freeze Ijyb.
Ijyb is almost dead.
* * * LOW HITPOINT WARNING * * *
The kobold hits you but does no damage.
Ijyb screams, "Me very upset!"
Ijyb zaps a wand.
You easily resist.
Aiming: Freeze (safe; 1% risk of failure)
Press: ? - help, Q - select action, (/) - cycle Shift-Dir - straight line, f/p - Ijyb
Aim: Ijyb, wielding a +0 club, wearing a +0 ring mail and carrying a wand of paralysis (10) (almost dead)
You freeze Ijyb!
You kill Ijyb!
* * * LOW HITPOINT WARNING * * *
The kobold hits you with a +0 dagger.
You die...

#.###'###.##.........P..
#.........##........P...
###..#######......PP.P..
##..# ###.......)....
##.# ##.........:....
#.###..#......#..#~~
#.....#######....~~~
#...###.... ###~~~~≈
#.#@)...... ######
#.#K)..#### # #.#.#### K
#...# #. ##### ## ##


You could see a kobold.

Vanquished Creatures
  Sigmund (D:2)
  A kobold brigand (D:4)
  2 orc priests (D:3)
  Crazy Yiuf (D:3)
  A gnoll bouda (D:3)
  Terence (D:2)
  2 iguanas (D:4)
  Ijyb (D:4)
  3 orc wizards
  5 adders
  4 gnolls
  2 worms (D:2)
  2 dart slugs
  8 orcs
  7 ball pythons
  3 endoplasms
  3 giant cockroaches (D:3)
  3 goblins
  5 hobgoblins
  4 jackals (D:3)
  11 kobolds
  6 quokkas
  A bat (D:3)
  2 frilled lizards (D:2)
  5 rats
84 creatures vanquished.

Vanquished Creatures (others)
  9 plants (D:4)
9 creatures vanquished.

Grand Total: 93 creatures vanquished

Notes
Turn   | Place    | Note
-------+----------+-------------------------------------------
     0 | D:1      | Setbun the Djinni Ice Elementalist began the quest for the
                  | Orb.
     0 | D:1      | Setbun set off with the following spells memorised: Freeze,
                  | Frozen Ramparts, Ozocubu's Armour, Hailstorm.
     0 | D:1      | Reached XP level 1. HP: 15/15 MP: 0/0
    23 | D:1      | Found a glowing golden altar of the Shining One.
   484 | D:1      | Reached XP level 2. HP: 11/21 MP: 0/0
   783 | D:1      | Found Oto Befi's Magic Scroll Shoppe.
  1122 | D:2      | Reached XP level 3. HP: 18/25 MP: 0/0
  1122 | D:2      | Learned a level 1 spell: Beastly Appendage
  1125 | D:2      | Reached skill level 4 in Spellcasting
  1451 | D:2      | Noticed Sigmund
  1462 | D:2      | Killed Sigmund
  1463 | D:2      | Reached skill level 5 in Spellcasting
  1463 | D:2      | Reached XP level 4. HP: 2/31 MP: 0/0
  1463 | D:2      | Reached XP level 5. HP: 3/36 MP: 0/0
  1463 | D:2      | Learned a level 2 spell: Static Discharge
  1463 | D:2      | Reached XP level 6. HP: 3/41 MP: 0/0
  2111 | D:2      | Noticed Terence
  2120 | D:2      | Killed Terence
  2862 | D:3      | Found a runed translucent door.
  2863 | D:3      | Noticed Crazy Yiuf
  3577 | D:3      | Found a faded altar of an unknown god.
  4187 | D:3      | Killed Crazy Yiuf
  4254 | D:4      | Found a sacrificial altar of Ru.
  4269 | D:4      | Reached XP level 7. HP: 41/46 MP: 0/0
  4269 | D:4      | Learned a level 2 spell: Passwall
  4646 | D:3      | Reached skill level 6 in Spellcasting
  5399 | D:4      | Found a glowing golden altar of the Shining One.
  5656 | D:4      | Noticed Ijyb
  5665 | D:4      | Reached skill level 1 in Fighting
  5670 | D:4      | Killed Ijyb
  5670 | D:4      | Slain by a kobold

Illustrated notes

Levels and vault maps discovered:
D:1:      dpeg_arrival_water_altar, layout_loops_ring, serial_shops,
          nicolae_lakefront_shop
D:2:      layout_loops_corners, uniq_sigmund, uniq_terence
D:3:      layout_basic, nicolae_ecumenical_snake_handling,
          uniq_crazy_yiuf_cottage
D:4:      cheibrodos_thug_alley, layout_basic, amcnicky_altar_gilded,
          kennysheep_mini_moat, nicolae_grassy_gnolls, uniq_ijyb

Skill      XL: |  1  2  3  4  5  6  7 |
---------------+----------------------+-----
Spellcasting   | 5 6 |  6.4
Stealth        | 2 |  2.6
Fighting       | 1 |  1.0
Dodging        | |  2.9
Shields        | |  0.9
Unarmed Combat | |  0.1

Action                   |  1- 3 |  4- 6 |  7- 9 || total
-------------------------+-------+-------+-------++-------
Melee: Unarmed           |     8 |     6 |     2 ||    16
 Cast: Freeze            |    38 |    76 |    61 ||   175
Armor: Robe              |     5 |     5 |     7 ||    17
Dodge: Dodged            |    15 |    36 |    39 ||    90
Block: Other             |       |    11 |    11 ||    22
       Reflection        |       |       |     1 ||     1

Table legend: (Time is in decaauts)
 A = Elapsed time spent in this place.
 B = Non-inter-level travel time spent in this place.
 C = Inter-level travel time spent in this place.
 D = Time resting spent in this place.
 E = Time spent auto-exploring this place.
 F = Levels seen in this place.
 G = Mean time per level.
                   A        B        C        D        E       F      G
               +--------+--------+--------+--------+--------+-----+--------+
         Total |   5675 |   5511 |    164 |    796 |   4186 |   4 | 1418.8 |
       Dungeon |   5675 |   5511 |    164 |    796 |   4186 |   4 | 1418.8 |
               +--------+--------+--------+--------+--------+-----+--------+

Top non-repeatable levels by time:
     D:3: 2089 daAuts
     D:2: 1554 daAuts
     D:1: 1088 daAuts
     D:4: 943 daAuts
